 Dungeon Crawl Stone Soup version 0.20.0-15-g7f486f2 (console) character file.

37 bli the Firebug (level 3, -4/19 HPs)
             Began as a Gargoyle Fire Elementalist on June 28, 2017.
             Killed from afar by an orc wizard (8 damage)
             ... with a magic dart
             ... on level 4 of the Dungeon.
             The game lasted 00:06:02 (1363 turns).

bli the Firebug (Gargoyle Fire Elementalist)        Turns: 1363, Time: 00:06:02

Health: -4/19      AC:  6    Str: 11    XL:     3   Next: 39%
Magic:  6/6        EV: 12    Int: 18    God:
Gold:   64         SH:  0    Dex: 10    Spells: 6/7 levels left

rFire    . . .     SeeInvis .   e - +0 club
rCold    . . .     Gourm    .   (no shield)
rNeg     + . .     Faith    .   a - +0 robe
rPois    ∞         Spirit   .   (no helmet)
rElec    +         Reflect  .   (no cloak)
rCorr    .         Harm     .   h - +0 pair of gloves
MR       .....                  (no boots)
Stlth    +.........             (no amulet)
Regen    0.1/turn               m - +2 ring of intelligence
MPRegen  0.1/turn               (no ring)

@: confused
A: negative energy resistance 1, electricity resistance, unbreathing,
petrification resistance, rot immunity, AC +3
a: no special abilities


You were on level 4 of the Dungeon.
You were not hungry.

You visited 1 branch of the dungeon, and saw 3 of its levels.

You collected 64 gold pieces.

Inventory:

Hand Weapons
 e - a +0 club (weapon)
Missiles
 l - 45 stones (quivered)
Armour
 a - a +0 robe (worn)
 g - a +0 shield
 h - a +0 pair of gloves (worn)
 j - a +0 leather armour
 k - a +0 shield
Jewellery
 m - a +2 ring of intelligence (left hand)
Scrolls
 f - a scroll of immolation {unknown}
 n - 2 scrolls of identify {unknown}
 p - a scroll of fear {unknown}
 s - a scroll of recharging {unknown}
Potions
 d - 4 potions of curing {unknown}
 i - 2 potions of flight {unknown}
 o - 2 potions of might {unknown}
Books
 b - a book of Flames

   Spells                             Type                      Level
   a - Flame Tongue                   Conjuration/Fire             1
   b - Throw Flame                    Conjuration/Fire             2
   c - Conjure Flame                  Conjuration/Fire             3
   d - Inner Flame                    Hexes/Fire                   3
   e - Sticky Flame                   Conjuration/Fire             4
   f - Fireball                       Conjuration/Fire             5
Comestibles
 c - 4 bread rations
 q - a meat ration
 r - 2 chunks of flesh
 t - a royal jelly


   Skills:
 + Level 0.2 Fighting
 + Level 0.6 Maces & Flails
 + Level 1.9 Dodging
 - Level 2.1 Stealth
 * Level 2.5 Spellcasting
 * Level 1.2 Conjurations
 + Level 3.4 Fire Magic


You had 6 spell levels left.
You knew the following spells:

 Your Spells              Type           Power        Failure   Level  Hunger
a - Flame Tongue          Conj/Fire      ##...        7%          1    #......


Dungeon Overview and Level Annotations

Branches:
Dungeon (2/15)

Altars:


Innate Abilities, Weirdness & Mutations

You are resistant to torment.
Your stone body is resilient. (AC +3)
You are immune to poison.
You resist negative energy. (rN+)
You are resistant to electric shocks. (rElec)
You can survive without breathing.
You are immune to petrification.
You are immune to rotting.


Message History

The orc wizard shouts!
The orc wizard points at you and mumbles some strange words.
The magic dart hits you!
Found 27 stones.
An orc priest comes into view.
The worker ant twitches its antennae in your direction.
The orc priest shouts!
The orc wizard shouts!
The orc wizard gestures at you while chanting.
The puff of flame hits you!
You see here a royal jelly.
t - a royal jelly The orc wizard casts a spell at you.
You are confused.
The orc priest calls down the wrath of Beogh upon you.
Beogh smites you!
Ouch! That really hurt!
* * * LOW HITPOINT WARNING * * *
The orc wizard casts a spell at you. The magic dart hits you!
You die...

..#...# ......
#...# ######..###
..........#
#.#######.#.##
#[.......>...#
#########.#..#
.........#..#
###.....#..#
#...@.#..#
###.....#..# #
[..<....o#..#...#
####.....a..ao...
#......(.oo...
..........##...#
......#.... ...
......###### #
...... ...... ##+


You could see a worker ant and an orc wizard.

Vanquished Creatures
  An adder (D:2)
  An ooze (D:1)
  A dart slug (D:1)
  A bat (D:2)
  A giant cockroach (D:1)
  2 goblins (D:1)
  2 hobgoblins (D:1)
  2 jackals (D:1)
  A quokka (D:4)
  2 ball pythons (D:2)
  2 frilled lizards (D:2)
  2 kobolds (D:2)
  3 rats
21 creatures vanquished.

Vanquished Creatures (others)
  4 toadstools (D:1)
4 creatures vanquished.

Grand Total: 25 creatures vanquished

Notes
Turn   | Place    | Note
-------+----------+-------------------------------------------
     0 | D:1      | bli the Gargoyle Fire Elementalist began the quest for the Orb.
     0 | D:1      | Reached XP level 1. HP: 10/10 MP: 3/3
   319 | D:1      | Reached XP level 2. HP: 13/15 MP: 3/5
  1063 | D:2      | Reached XP level 3. HP: 16/19 MP: 3/6
  1332 | D:2      | You fall through a shaft for 2 floors!
  1363 | D:4      | Killed from afar by an orc wizard

Action                   || total
-------------------------++-------
Melee: Club              ||    61
       Unarmed           ||     3
 Cast: Flame Tongue      ||    24
 Stab: Sleeping          ||     2
  Eat: Chunk             ||     2
Armor: Robe              ||    32
Dodge: Dodged            ||    56
